 Dungeon Crawl Stone Soup version 0.29.0-13-gc9e81de378 (webtiles) character file.

Game seed: 15576503313242806723

497 SnakkuSnakku7 the Ruffian (level 7, -2/61 HPs)
             Began as a Ghoul Summoner on Sept 8, 2022.
             Slain by a kobold brigand
             ... wielding a +0 short sword
              (4 damage)
             ... on level 5 of the Dungeon.
             The game lasted 00:05:59 (5064 turns).

SnakkuSnakku7 the Ruffian (Ghoul Summoner)          Turns: 5064, Time: 00:05:59

Health: -2/61      AC: 11    Str: 14    XL:     7   Next: 15%
Magic:  8/8        EV:  6    Int: 10    God:
Gold:   363        SH:  0    Dex:  9    Spells: 8/9 levels left

rFire   + . .      SeeInvis .     - Unarmed
rCold   + . .      Faith    .   (no shield)
rNeg    + + +      Spirit   .   o - +0 chain mail
rPois   ∞          Reflect  .   (no helmet)
rElec   .          Harm     .   t - +0 cloak
rCorr   +          Rampage  .   e - +1 pair of gloves
Will    .....                   (no boots)
Stlth   ..........              (no amulet)
HPRegen 0.00/turn               v - ring of protection from fire
MPRegen 0.11/turn               r - ring of resist corrosion

@: flying, inhibited regen
A: claws 1, cold resistance 1, negative energy resistance 3, inhibited
regeneration, torment resistance 2, devour on kill
a: no special abilities


You were on level 5 of the Dungeon.
You visited 1 branch of the dungeon, and saw 5 of its levels.

You collected 363 gold pieces.

Inventory:

Missiles
 p - 2 poisoned darts
Armour
 a - a +0 robe
 e - a +1 pair of gloves (worn)
 o - a +0 chain mail (worn)
 t - a +0 cloak (worn)
Jewellery
 r - a ring of resist corrosion (right hand)
 u - a ring of ice
 v - a ring of protection from fire (left hand)
Wands
 c - a wand of flame (27)
 w - a wand of paralysis (5)
Scrolls
 d - a scroll of brand weapon {unknown}
 i - a scroll of teleportation {unknown}
 k - a scroll of enchant armour {unknown}
 l - a scroll of amnesia {unknown}
 q - a scroll of butterflies {unknown}
 s - a scroll of enchant weapon {unknown}
 x - a scroll of identify
Potions
 b - a potion of magic
 f - a potion of degeneration
 g - 2 potions of heal wounds {unknown}
 h - a potion of haste {unknown}
 j - a potion of flight
 m - a potion of brilliance
 n - a potion of attraction


   Skills:
 - Level 5.0 Fighting
 - Level 1.7 Dodging
 - Level 2.1 Stealth
 + Level 5.9 Unarmed Combat
 - Level 1.7 Spellcasting
 - Level 3.6 Summonings


You had 8 spell levels left.
You knew the following spells:

 Your Spells              Type           Power      Damage    Failure   Level
a - Summon Small Mammal   Summ           32%        N/A       92%         1

Your spell library contained the following spells:

 Spells                   Type           Power      Damage    Failure   Level
 Call Imp                 Summ           8%         N/A       98%         2
 Apportation              Tloc           0%         N/A       100%        1
 Necrotise                Necr           0%         1d4       100%        1
 Blink                    Tloc           0%         N/A       100%        2
 Static Discharge         Conj/Air       0%         3-3/arc   100%        2
 Call Canine Familiar     Summ           8%         N/A       100%        3
 Gell's Gravitas          Tloc           0%         N/A       100%        3
 Lesser Beckoning         Tloc           0%         N/A       100%        3
 Ozocubu's Armour         Ice            0%         N/A       100%        3
 Summon Guardian Golem    Hex/Summ       4%         N/A       100%        3
 Teleport Other           Tloc           0%         N/A       100%        3
 Animate Dead             Necr           0%         N/A       100%        4
 Dispel Undead            Necr           0%         3d6       100%        4
 Sticky Flame             Conj/Fire      0%         2d3       100%        4
 Summon Lightning Spire   Summ/Air       4%         N/A       100%        4
 Borgnjor's Vile Clutch   Necr/Erth      0%         N/A       100%        5
 Manifold Assault         Tloc           0%         N/A       100%        5
 Death Channel            Necr           0%         N/A       100%        6
 Ozocubu's Refrigeration  Ice            0%         4d7       100%        7


Dungeon Overview and Level Annotations

Branches:
Dungeon (5/15)
 Temple: D:4-7

Altars:
Cheibriados
Dithmenos
Makhleb
Sif Muna
Vehumet
Wu Jian

Annotations:
D:2 Crazy Yiuf


Innate Abilities, Weirdness & Mutations

You are immune to poison.
You have sharp fingernails.
Your flesh is cold resistant. (rC+)
You are immune to negative energy. (rN+++)
You do not regenerate when monsters are visible.
You are immune to unholy pain and torment.
You thrive by killing the living.


Message History

Unknown command.
You closely miss the iguana.
The iguana is severely wounded.
The kobold hits you but does no damage. x2
The kobold brigand barely misses you. The iguana bites you!
You hit the iguana but do no damage.
The iguana is severely wounded.
The iguana bites you! The kobold barely misses you. x2
The kobold brigand hits you with a +0 short sword.
Unknown command.
You hit the iguana but do no damage.
The iguana is severely wounded.
The kobold hits you but does no damage. x2
The kobold brigand hits you but does no damage.
The iguana bites you but does no damage.
You barely miss the iguana.
The iguana is severely wounded.
Unknown command.
You closely miss the iguana.
The iguana is severely wounded.
The kobold hits you but does no damage.
The kobold brigand hits you but does no damage.
The kobold hits you but does no damage. The iguana bites you!
* * * LOW HITPOINT WARNING * * *
Unknown command.
You hit the iguana.
The iguana is almost dead.
The kobold barely misses you. The kobold hits you but does no damage.
The kobold brigand hits you with a +0 short sword.
* * * LOW HITPOINT WARNING * * *
The iguana bites you.
* * * LOW HITPOINT WARNING * * *
Okay, then.
Okay, then.
It was a potion of flight.
You feel very buoyant.
You fly up into the air.
The kobold closely misses you. The kobold barely misses you.
The kobold brigand hits you with a +0 short sword.
You die...

####.##
####.#######
...........#
#.##.#####.#
# #...
#.#######
......
#.......#
#.#...##
#######.#
#.##.##
###K### .
#.# #.K@l.#
#.# #.#K#.#
#.#K#.# #
..# # ....
.....
.....##
.......
#......#


You could see a kobold brigand, an iguana and 3 kobolds.

Vanquished Creatures
  A black bear (D:5)
  A phantom (D:4)
  A scorpion (D:4)
  A jelly (D:4)
  A hound (D:5)
  An iguana (D:5)
  4 gnolls
  5 adders
  A white imp (D:5)
  4 worms (D:2)
  A dart slug (D:1)
  9 orcs
  8 ball pythons
  A bat (D:3)
  6 endoplasms
  10 hobgoblins
  9 kobolds
  4 quokkas
  3 frilled lizards
  6 goblins
  6 rats
83 creatures vanquished.

Vanquished Creatures (others)
  3 fungi
  A plant (D:3)
4 creatures vanquished.

Grand Total: 87 creatures vanquished

Notes
Turn   | Place    | Note
-------+----------+-------------------------------------------
     0 | D:1      | SnakkuSnakku7 the Ghoul Summoner began the quest for the
                  | Orb.
     0 | D:1      | Reached XP level 1. HP: 14/14 MP: 2/2
   364 | D:1      | Reached skill level 1 in Fighting
   364 | D:1      | Reached skill level 1 in Unarmed Combat
   367 | D:1      | Reached XP level 2. HP: 12/23 MP: 3/3
  1109 | D:2      | Reached XP level 3. HP: 14/29 MP: 4/4
  1496 | D:2      | Reached XP level 4. HP: 23/37 MP: 5/5
  2193 | D:2      | Found a runed translucent door.
  2194 | D:2      | Noticed Crazy Yiuf
  2762 | D:3      | Reached XP level 5. HP: 13/45 MP: 6/6
  3099 | D:3      | Identified the +5 spear "Zofil" {pain, rElec Str+3 SInv}
  3191 | D:3      | Found a faded altar of an unknown god.
  4174 | D:4      | Reached XP level 6. HP: 39/53 MP: 7/7
  4212 | D:4      | Found a shadowy altar of Dithmenos.
  4222 | D:4      | Found a burning altar of Makhleb.
  4223 | D:4      | Found a snail-covered altar of Cheibriados.
  4224 | D:4      | Found an ornate altar of the Wu Jian Council.
  4737 | D:5      | Entered Level 5 of the Dungeon
  4770 | D:5      | Noticed a black bear
  4785 | D:5      | Killed a black bear
  4786 | D:5      | Reached skill level 5 in Fighting
  4786 | D:5      | Reached skill level 5 in Unarmed Combat
  4786 | D:5      | Reached XP level 7. HP: 30/61 MP: 8/8
  4946 | D:5      | Found a radiant altar of Vehumet.
  4982 | D:5      | Found a shimmering blue altar of Sif Muna.
  5063 | D:5      | HP: 2/61 [iguana (6)]
  5064 | D:5      | Slain by a kobold brigand

Illustrated notes

Levels and vault maps discovered:
D:1:      minmay_arrival_doors, layout_rooms
D:2:      layout_basic, grunt_ministairs_6, uniq_crazy_yiuf_cottage
D:3:      layout_rooms, nicolae_overflow_crystal_walls,
          shapermc_ecumenical_altar_hornbeckon
D:4:      layout_cave_pools, grunt_temple_overflow_open
D:5:      layout_loops_corners, fedhas_altar_4,
          mainiacjoe_overflow_catch_the_wave, hangedman_decor_riveting,
          grunt_ministairs_1, uniq_grinder, uniq_menkaure

Skill      XL: |  1  2  3  4  5  6 |
---------------+-------------------+-----
Fighting       | 1 2 3 4 5 |  5.0
Unarmed Combat | 1 2 3 4 5 |  5.9
Dodging        | |  1.7
Stealth        | |  2.1
Spellcasting   | |  1.7
Summonings     | |  3.6

Action                   |  1- 3 |  4- 6 |  7- 9 || total
-------------------------+-------+-------+-------++-------
Melee: Unarmed           |   190 |   321 |    37 ||   548
       Punch             |     1 |     9 |       ||    10
  Use: Scroll            |       |     7 |       ||     7
       Potion            |       |       |     1 ||     1
 Stab: Sleeping          |     1 |       |       ||     1
Armor: Robe              |    46 |     8 |       ||    54
       Chain mail        |       |   159 |    33 ||   192
Dodge: Dodged            |   130 |    98 |    22 ||   250
